[Event "ICC tourney 2248 (120 10)"]
[Site "Internet Chess Club"]
[Date "2020.12.26"]
[Round "2"]
[White "Mapking1"]
[Black "Han366"]
[Result "1-0"]
[ICCResult "Black resigns"]
[WhiteElo "1874"]
[BlackElo "1700"]
[Opening "French: Tarrasch, open variation"]
[ECO "C07"]
[NIC "FR.18"]
[Time "17:18:02"]
[PlyCount "101"]
[TimeControl "7200+10"]

1. e4 e6 2. d4 d5 3. Nd2 c5 4. Ngf3 cxd4 5. Nxd4 dxe4 6. Nxe4 Nf6 7. Nxf6+
Qxf6 8. Nf3 Nc6 9. Bb5 Bd7 10. c3 Ne5 11. Bxd7+ Nxd7 12. Bg5 Qf5 13. O-O
Be7 14. Bxe7 Kxe7 15. Qb3 Rab8 16. Rad1 Qc5 17. Qa4 Rhd8 18. Rfe1 Nf6 19.
Nd4 Rd7 20. f4 Kf8 21. Kh1 Rbd8 22. Rxe6 Qh5 23. Re5 Qh4 24. g3 Qh3 25.
Rde1 g6 26. Qxa7 Ng4 27. R5e2 h5 28. Qc5+ Kg7 29. Rg2 h4 30. gxh4 Qxh4 31.
Nf3 Qh3 32. Rg3 Rd5 33. Rxh3 Rxc5 34. Kg2 Rf5 35. Kg3 Nf6 36. Nd4 Nh5+ 37.
Kf2 Rxf4+ 38. Rf3 Rh4 39. Re7 Rxh2+ 40. Kg1 Rxb2 41. Ne6+ Kh6 42. Nxd8 f5
43. Nxb7 Rxa2 44. c4 Kg5 45. c5 Kg4 46. Rf2 Ra1+ 47. Kh2 Rc1 48. Ree2 Nf4
49. Rc2 Rd1 50. Rxf4+ Kxf4 51. c6 { Black resigns } 1-0

[Event "ICC tourney 2248 (120 10)"]
[Site "Internet Chess Club"]
[Date "2020.12.26"]
[Round "2"]
[White "FL2009"]
[Black "StevChess01"]
[Result "1-0"]
[ICCResult "Black resigns"]
[WhiteElo "1857"]
[BlackElo "1684"]
[Opening "Sicilian: O'Kelly variation"]
[ECO "B28"]
[NIC "SI.43"]
[Time "17:18:32"]
[PlyCount "121"]
[TimeControl "7200+10"]

1. e4 c5 2. Nf3 a6 3. c4 e6 4. Nc3 Nc6 5. d4 cxd4 6. Nxd4 Qc7 7. Be3 Nxd4
8. Qxd4 Ne7 9. Be2 Nc6 10. Qd2 Be7 11. O-O O-O 12. Rfd1 d6 13. b3 Ne5 14.
Rac1 b6 15. Bf4 Rd8 16. Bf1 Bb7 17. f3 Bc6 18. Kh1 Qb7 19. a4 Be8 20. Qf2
Rab8 21. Rc2 f6 22. Rcd2 Nf7 23. Qg3 Kh8 24. Bd3 Ne5 25. Be2 Bf7 26. Be3
Bg8 27. Bf1 Bf7 28. Ne2 d5 29. f4 Ng6 30. cxd5 exd5 31. e5 fxe5 32. fxe5
Bh4 33. Qh3 Re8 34. Nf4 Nxf4 35. Bxf4 Bd8 36. Qd3 Ra8 37. Be2 Bc7 38. Qd4
Be6 39. Bf3 Rad8 40. Qc3 Rf8 41. Bg3 b5 42. axb5 axb5 43. Qb4 Qa6 44. Rd3
Ba5 45. Qa3 b4 46. Qa1 Qb5 47. Qb2 Bb6 48. Bf2 Bxf2 49. Qxf2 Rc8 50. Qd2
Rc5 51. h3 d4 52. Rxd4 Rc3 53. Rd8 Qc5 54. Rxf8+ Qxf8 55. Qd8 Kg8 56. Bd5
Bxd5 57. Qxd5+ Kh8 58. e6 h6 59. Qd8 Qxd8 60. Rxd8+ Kh7 61. e7 { Black
resigns } 1-0

[Event "ICC tourney 2248 (120 10)"]
[Site "Internet Chess Club"]
[Date "2020.12.26"]
[Round "2"]
[White "gardemarin13"]
[Black "gullom89"]
[Result "1-0"]
[ICCResult "Black checkmated"]
[WhiteElo "1894"]
[BlackElo "1707"]
[Opening "Sicilian: Grand Prix attack"]
[ECO "B23"]
[NIC "SI.44"]
[Time "17:17:59"]
[PlyCount "109"]
[TimeControl "7200+10"]

1. e4 c5 2. Nc3 Nc6 3. f4 d6 4. Nf3 Nf6 5. Bb5 Bd7 6. d3 e6 7. O-O Be7 8.
e5 Nd5 9. Ne4 Qc7 10. c4 Nb6 11. exd6 Bxd6 12. Qe2 a6 13. Bxc6 Bxc6 14.
Nxd6+ Qxd6 15. Be3 O-O 16. Ne5 Nd7 17. Nxc6 Qxc6 18. Bd2 b5 19. b3 b4 20.
Bc1 Rae8 21. Bb2 Qd6 22. Rae1 f6 23. Rf3 Rf7 24. g3 Rfe7 25. Re3 g6 26. Qf3
Kf7 27. Kf2 Nb8 28. h4 Nc6 29. h5 Nd4 30. Qg4 Rg8 31. Bxd4 Qxd4 32. Kg2 Qd6
33. Rh1 g5 34. Rf1 gxf4 35. Qxf4 Qxf4 36. Rxf4 Rg5 37. Ref3 f5 38. g4 Kf6
39. Kf2 Reg7 40. gxf5 exf5 41. d4 cxd4 42. Rxd4 Rg2+ 43. Ke3 Rxa2 44. Rd6+
Ke5 45. Rd5+ Ke6 46. Rdxf5 Ra3 47. Rf6+ Ke7 48. Kd4 a5 49. h6 Rg4+ 50. Kc5
Rg5+ 51. Kc6 a4 52. Rf7+ Ke6 53. Rf8 Ke5 54. Kc5 axb3 55. Re8# { Black
checkmated } 1-0

[Event "ICC tourney 2248 (120 10)"]
[Site "Internet Chess Club"]
[Date "2020.12.27"]
[Round "3"]
[White "Threehundreds"]
[Black "moneymo"]
[Result "0-1"]
[ICCResult "White checkmated"]
[WhiteElo "1437"]
[BlackElo "1880"]
[Opening "Sicilian: Labourdonnais-Löwenthal (Kalashnikov) variation"]
[ECO "B32"]
[NIC "SI.32"]
[Time "12:03:10"]
[PlyCount "58"]
[TimeControl "7200+10"]

1. e4 c5 2. Nf3 Nc6 3. d4 cxd4 4. Nxd4 e5 5. Nb5 d6 6. N1c3 a6 7. Na3 b5 8.
Nd5 Nf6 9. Bg5 Be7 10. Bxf6 Bxf6 11. Nxf6+ gxf6 12. c3 f5 13. Bd3 f4 14.
Qf3 h5 15. g3 Bg4 16. Qg2 f3 17. Qf1 Qb6 18. h3 Be6 19. Nc2 b4 20. cxb4
Nxb4 21. a3 Nxc2+ 22. Bxc2 Qxb2 23. Ba4+ Ke7 24. Rd1 Qc3+ 25. Rd2 Bc4 26.
Qg1 Rab8 27. g4 Rb1+ 28. Bd1 Be2 29. Qg3 Rxd1# { White checkmated } 0-1

[Event "ICC tourney 2248 (120 10)"]
[Site "Internet Chess Club"]
[Date "2020.12.27"]
[Round "3"]
[White "hello12"]
[Black "Elias1302"]
[Result "0-1"]
[ICCResult "White resigns"]
[WhiteElo "1475"]
[BlackElo "1609"]
[Opening "French: Tarrasch, open, 4.ed ed"]
[ECO "C08"]
[NIC "FR.21"]
[Time "12:03:07"]
[PlyCount "56"]
[TimeControl "7200+10"]

1. e4 e6 2. d4 d5 3. Nd2 c5 4. exd5 exd5 5. Ngf3 Nf6 6. Bb5+ Bd7 7. Bxd7+
Nbxd7 8. O-O Be7 9. c4 O-O 10. Re1 Qc7 11. Rxe7 cxd4 12. Nxd4 Qc5 13. Nf5
g6 14. Nh6+ Kg7 15. Re3 Kxh6 16. Rh3+ Kg7 17. cxd5 Qxd5 18. Qf1 Rfe8 19.
Nf3 Kg8 20. Bg5 Rac8 21. Rh4 Rc2 22. Rd4 Qf5 23. Rf4 Qc5 24. Re1 Rxe1 25.
Qxe1 Rc1 26. Bxf6 Rxe1+ 27. Nxe1 Nxf6 28. Rxf6 Qe5 { White resigns } 0-1

[Event "ICC tourney 2248 (120 10)"]
[Site "Internet Chess Club"]
[Date "2020.12.27"]
[Round "3"]
[White "avats"]
[Black "BlueZillop"]
[Result "1/2-1/2"]
[ICCResult "Game drawn by mutual agreement"]
[WhiteElo "1589"]
[BlackElo "1363"]
[Opening "Sicilian: Canal-Sokolsky (Nimzovich-Rossolimo, Moscow) attack"]
[ECO "B51"]
[NIC "SI.01"]
[Time "12:03:05"]
[PlyCount "50"]
[TimeControl "7200+10"]

1. e4 c5 2. Nf3 d6 3. Bb5+ Nc6 4. d4 cxd4 5. Nxd4 Bd7 6. Nxc6 Bxc6 7. Bxc6+
bxc6 8. O-O Nf6 9. Re1 g6 10. Bf4 Bg7 11. c3 O-O 12. Nd2 Rb8 13. Qc2 Qb6
14. Qb3 Qc5 15. Qc2 Ng4 16. Bg3 Rbe8 17. h3 Ne5 18. Rad1 f5 19. exf5 Rxf5
20. Ne4 Qc4 21. Qb3 Qxb3 22. axb3 Rb8 23. Bxe5 Bxe5 24. b4 Rbf8 25. f3 Rd8
{ Game drawn by mutual agreement } 1/2-1/2

[Event "ICC tourney 2248 (120 10)"]
[Site "Internet Chess Club"]
[Date "2020.12.27"]
[Round "3"]
[White "AngelaIL203"]
[Black "yogokings12"]
[Result "0-1"]
[ICCResult "White checkmated"]
[WhiteElo "1193"]
[BlackElo "1575"]
[Opening "Sicilian: dragon, classical, Richter variation"]
[ECO "B73"]
[NIC "SI.15"]
[Time "12:03:17"]
[PlyCount "62"]
[TimeControl "7200+10"]

1. e4 c5 2. Nf3 d6 3. d4 cxd4 4. Nxd4 Nf6 5. Nc3 g6 6. Be2 Bg7 7. Be3 O-O
8. O-O Nc6 9. Qd2 d5 10. Nxc6 bxc6 11. exd5 Nxd5 12. Nxd5 Qxd5 13. Qxd5
cxd5 14. c3 e5 15. Rad1 Be6 16. Bc5 Rfc8 17. b4 Bf8 18. Ba6 Rc7 19. Bxf8
Kxf8 20. Rfe1 e4 21. c4 dxc4 22. Rxe4 c3 23. Rc1 Bxa2 24. Re2 Bc4 25. Bxc4
Rxc4 26. b5 Rb8 27. Ra2 Rxb5 28. Rxa7 c2 29. Ra2 Rb1 30. Rxc2 Rxc1+ 31.
Rxc1 Rxc1# { White checkmated } 0-1

[Event "ICC tourney 2248 (120 10)"]
[Site "Internet Chess Club"]
[Date "2020.12.27"]
[Round "3"]
[White "MYMChessWyatt"]
[Black "jackl514"]
[Result "0-1"]
[ICCResult "White checkmated"]
[WhiteElo "1232"]
[BlackElo "1580"]
[Opening "Sicilian: accelerated fianchetto, modern variation"]
[ECO "B34"]
[NIC "SI.33"]
[Time "12:02:53"]
[PlyCount "66"]
[TimeControl "7200+10"]

1. e4 c5 2. Nf3 Nc6 3. d4 cxd4 4. Nxd4 g6 5. Nc3 Bg7 6. Be3 Nf6 7. Be2 O-O
8. g4 d5 9. exd5 Nxd5 10. Nxd5 Qxd5 11. Bf3 Qa5+ 12. c3 Nxd4 13. Bxd4 Rd8
14. b4 Qc7 15. Qc1 e5 16. Be3 e4 17. Bxe4 Qxc3+ 18. Qxc3 Bxc3+ 19. Ke2 Bxa1
20. Rxa1 Bxg4+ 21. f3 Be6 22. Rc1 Rac8 23. Rb1 h5 24. Bxb7 Rc2+ 25. Kf1
Rxa2 26. Bg5 Bh3+ 27. Kg1 Re8 28. Bh4 Ree2 29. Bf6 Rg2+ 30. Kh1 Rxh2+ 31.
Kg1 Rag2+ 32. Kf1 Rg3+ 33. Ke1 Rg1# { White checkmated } 0-1

[Event "ICC tourney 2248 (120 10)"]
[Site "Internet Chess Club"]
[Date "2020.12.27"]
[Round "3"]
[White "vober6"]
[Black "kwen2008"]
[Result "1-0"]
[ICCResult "Black resigns"]
[WhiteElo "1876"]
[BlackElo "1745"]
[Opening "Scotch gambit"]
[ECO "C44"]
[NIC "SO.06"]
[Time "12:02:51"]
[PlyCount "43"]
[TimeControl "7200+10"]

1. e4 e5 2. Nf3 Nc6 3. d4 exd4 4. Bc4 Bc5 5. c3 dxc3 6. Bxf7+ Kxf7 7. Qd5+
Ke8 8. Qh5+ g6 9. Qxc5 Nf6 10. Nxc3 Qe7 11. Qe3 d6 12. O-O Bg4 13. Re1 Bxf3
14. Qxf3 Ne5 15. Qe2 a6 16. Bg5 Qf7 17. f4 Nc6 18. e5 dxe5 19. fxe5 Nh5 20.
Rf1 Qd7 21. Rad1 Nd4 22. Qc4 { Black resigns } 1-0

[Event "ICC tourney 2248 (120 10)"]
[Site "Internet Chess Club"]
[Date "2020.12.27"]
[Round "3"]
[White "MathMonkey"]
[Black "wahoo"]
[Result "0-1"]
[ICCResult "White checkmated"]
[WhiteElo "1187"]
[BlackElo "1661"]
[Opening "Giuoco Piano: Greco's attack"]
[ECO "C54"]
[NIC "IG.02"]
[Time "12:02:57"]
[PlyCount "120"]
[TimeControl "7200+10"]

1. e4 e5 2. Nf3 Nc6 3. Bc4 Bc5 4. c3 Nf6 5. d4 exd4 6. cxd4 Bb4+ 7. Nc3
Bxc3+ 8. bxc3 Nxe4 9. O-O O-O 10. Ba3 Re8 11. Qb3 d5 12. Bxd5 Qd7 13. Bxc6
Qxc6 14. Ne5 Qf6 15. Rad1 Be6 16. c4 b6 17. f4 Qf5 18. d5 Bc8 19. Nc6 Qf6
20. f5 Bd7 21. Bb2 Qd6 22. f6 Bxc6 23. dxc6 Qxc6 24. fxg7 Rad8 25. Bd4 Qg6
26. Qf3 c5 27. Ba1 Nd2 28. Qb7 Nxf1 29. Rxf1 Re2 30. a4 Rde8 31. Bc3 R2e7
32. Qf3 Re3 33. Qf6 Qxf6 34. Bxf6 R3e4 35. h3 Rxc4 36. Ra1 Re6 37. Bb2 f6
38. Rd1 Kxg7 39. Rd7+ Kg6 40. Rxa7 Rb4 41. Bc3 Rb3 42. Bd2 Rc6 43. Kh2 c4
44. a5 bxa5 45. Rxa5 c3 46. Bc1 c2 47. Ra4 Rb1 48. Rg4+ Kf5 49. Bh6 c1=Q
50. Bxc1 Rcxc1 51. Kg3 Rc7 52. Kh4 Rbb7 53. Kh5 Rg7 54. Rxg7 Rxg7 55. g4+
Kf4 56. Kh6 Ra7 57. Kh5 Ra3 58. Kh4 Rg3 59. g5 fxg5+ 60. Kh5 Rxh3# { White
checkmated } 0-1

[Event "ICC tourney 2248 (120 10)"]
[Site "Internet Chess Club"]
[Date "2020.12.27"]
[Round "3"]
[White "kdbel"]
[Black "playerlucky"]
[Result "1-0"]
[ICCResult "Black checkmated"]
[WhiteElo "1892"]
[BlackElo "1802"]
[Opening "French: Steinitz, Boleslavsky variation"]
[ECO "C11"]
[NIC "FR.04"]
[Time "12:03:04"]
[PlyCount "61"]
[TimeControl "7200+10"]

1. e4 e6 2. d4 d5 3. Nc3 Nf6 4. e5 Nfd7 5. f4 c5 6. Nf3 Nc6 7. Be3 cxd4 8.
Nxd4 Bc5 9. Qd2 O-O 10. Be2 a6 11. O-O Nxd4 12. Bxd4 b5 13. a3 Qb6 14. Rad1
Bb7 15. Kh1 Rac8 16. Bf3 a5 17. Ne2 Ba6 18. b4 Bxd4 19. Nxd4 axb4 20. axb4
Rc7 21. Rfe1 Rfc8 22. f5 exf5 23. Nxf5 Kh8 24. Ne7 Rxc2 25. Qxd5 Rd8 26. e6
fxe6 27. Rxe6 Qf2 28. Rxa6 Rf8 29. Ra8 Qe3 30. Rxf8+ Nxf8 31. Qg8# { Black
checkmated } 1-0

[Event "ICC tourney 2248 (120 10)"]
[Site "Internet Chess Club"]
[Date "2020.12.27"]
[Round "3"]
[White "mnm1"]
[Black "tricksterssbu"]
[Result "0-1"]
[ICCResult "White resigns"]
[WhiteElo "1460"]
[BlackElo "1692"]
[Opening "Scotch game"]
[ECO "C45"]
[NIC "SO.05"]
[Time "12:03:10"]
[PlyCount "46"]
[TimeControl "7200+10"]

1. e4 e5 2. Nf3 Nc6 3. d4 exd4 4. Nxd4 Bc5 5. Be3 Qf6 6. c3 Nge7 7. Bc4 O-O
8. O-O d6 9. b4 Bxd4 10. Bxd4 Nxd4 11. cxd4 Nc6 12. Nc3 Qxd4 13. Qxd4 Nxd4
14. Rad1 c5 15. b5 Be6 16. Nd5 Rfe8 17. Rfe1 Rac8 18. a4 b6 19. f3 Bxd5 20.
Bxd5 g6 21. Kf2 Kg7 22. Rc1 Re7 23. Rc2 Nxc2 { White resigns } 0-1

[Event "ICC tourney 2248 (120 10)"]
[Site "Internet Chess Club"]
[Date "2020.12.27"]
[Round "3"]
[White "trucker"]
[Black "rohu333"]
[Result "0-1"]
[ICCResult "White resigns"]
[WhiteElo "1610"]
[BlackElo "1766"]
[Opening "Scandinavian: Pytel-Wade variation"]
[ECO "B01"]
[NIC "SD.02"]
[Time "12:03:15"]
[PlyCount "88"]
[TimeControl "7200+10"]

1. e4 d5 2. exd5 Qxd5 3. Nc3 Qd6 4. d4 c6 5. Bc4 Nf6 6. a3 Bg4 7. f3 Bh5 8.
Nge2 e6 9. Bf4 Qd7 10. Qd2 Bd6 11. O-O-O Qc7 12. Rhe1 Nbd7 13. Bxd6 Qxd6
14. Nf4 O-O-O 15. h4 Bg6 16. g4 Nb6 17. Bb3 h6 18. Nxg6 fxg6 19. Rxe6 Qg3
20. Qe3 Qxh4 21. Re7 Rhe8 22. Be6+ Kb8 23. Qe5+ Ka8 24. Qc7 Rb8 25. Rxe8
Rxe8 26. Bf7 Rc8 27. Qf4 g5 28. Qe5 Qf2 29. Rd3 Qf1+ 30. Nd1 Nxg4 31. Qxg7
Nf2 32. Rd2 Nxd1 33. Rxd1 Qxf3 34. Bb3 Qf8 35. Qg6 Rd8 36. c3 Rd6 37. Qh5
a6 38. Re1 Ka7 39. a4 Rf6 40. Qd1 Rf2 41. a5 Qf4+ 42. Kb1 Qf5+ 43. Bc2 Qxa5
44. c4 Nxc4 { White resigns } 0-1

[Event "ICC tourney 2248 (120 10)"]
[Site "Internet Chess Club"]
[Date "2020.12.27"]
[Round "3"]
[White "gullom89"]
[Black "NL008"]
[Result "1-0"]
[ICCResult "Black resigns"]
[WhiteElo "1707"]
[BlackElo "1534"]
[Opening "Queen's pawn, Mason variation"]
[ECO "D00"]
[NIC "QP.08"]
[Time "12:03:28"]
[PlyCount "81"]
[TimeControl "7200+10"]

1. d4 d5 2. Bf4 Bf5 3. e3 e6 4. c4 c5 5. Nc3 a6 6. dxc5 dxc4 7. Qxd8+ Kxd8
8. Bxc4 Bxc5 9. Nf3 Nd7 10. O-O Ngf6 11. h3 h6 12. Rad1 g5 13. Bg3 g4 14.
e4 Nxe4 15. Nxe4 Bxe4 16. Ne5 Bc6 17. Nxf7+ Ke7 18. Nxh8 Rxh8 19. Rfe1 Nf8
20. h4 b5 21. Bb3 Bd7 22. Re4 h5 23. Rde1 Bc6 24. R4e2 Bb4 25. Rc1 Kd7 26.
Rec2 Be4 27. Rc7+ Ke8 28. Ra7 Be7 29. Rc8+ Kf7 30. Bd6 Ng6 31. Rxe7+ Nxe7
32. Rxh8 Bg6 33. Bxe7 Kxe7 34. Ra8 Kf6 35. Rxa6 Bf5 36. a4 bxa4 37. Bxa4
Bd3 38. Rc6 Ke5 39. Rc5+ Kd6 40. Rxh5 Bf5 41. Rg5 { Black resigns } 1-0

[Event "ICC tourney 2248 (120 10)"]
[Site "Internet Chess Club"]
[Date "2020.12.27"]
[Round "3"]
[White "Coolbull"]
[Black "wulovechess"]
[Result "1-0"]
[ICCResult "Black checkmated"]
[WhiteElo "1743"]
[BlackElo "1612"]
[Opening "Scotch game"]
[ECO "C45"]
[NIC "SO.04"]
[Time "12:02:56"]
[PlyCount "113"]
[TimeControl "7200+10"]

1. e4 e5 2. Nf3 Nc6 3. d4 exd4 4. Nxd4 Ne5 5. Bf4 d6 6. Be2 Nf6 7. Nc3 g6
8. O-O Bg7 9. Be3 O-O 10. h3 c6 11. f4 c5 12. fxe5 cxd4 13. exf6 dxe3 14.
fxg7 Kxg7 15. Qd4+ Kg8 16. Qxe3 Re8 17. Rad1 Be6 18. Qd4 Qg5 19. Qd3 Rad8
20. Nd5 f5 21. Bf3 f4 22. Nc7 Re7 23. Nxe6 Rxe6 24. Qd5 Qxd5 25. Rxd5 Re5
26. Rfd1 Rxd5 27. Rxd5 Rc8 28. c3 Rc6 29. e5 dxe5 30. Rd8+ Kf7 31. Bxc6
bxc6 32. Rc8 Ke6 33. Rxc6+ Kd5 34. Rc7 a6 35. Kf2 Ke4 36. Ke2 h5 37. c4 g5
38. c5 g4 39. hxg4 hxg4 40. Rf7 Kd5 41. b4 e4 42. Rxf4 g3 43. Ke3 a5 44.
bxa5 Kxc5 45. Rxe4 Kb5 46. Re5+ Ka6 47. Kf3 Kb7 48. Re6 Ka7 49. a6 Kb8 50.
Kxg3 Ka7 51. Kf4 Ka8 52. g4 Kb8 53. Re7 Ka8 54. g5 Kb8 55. g6 Ka8 56. g7
Kb8 57. g8=Q# { Black checkmated } 1-0

[Event "ICC tourney 2248 (120 10)"]
[Site "Internet Chess Club"]
[Date "2020.12.27"]
[Round "3"]
[White "kirikiri007"]
[Black "Pugnacious"]
[Result "0-1"]
[ICCResult "White resigns"]
[WhiteElo "1564"]
[BlackElo "1760"]
[Opening "Giuoco Piano"]
[ECO "C54"]
[NIC "IG.02"]
[Time "12:03:14"]
[PlyCount "92"]
[TimeControl "7200+10"]

1. e4 e5 2. Nf3 Nc6 3. Bc4 Bc5 4. c3 Nf6 5. d4 exd4 6. cxd4 Bb4+ 7. Bd2
Bxd2+ 8. Nbxd2 d5 9. exd5 Nxd5 10. O-O O-O 11. Rc1 Nce7 12. Qb3 c6 13. Rfe1
Rb8 14. Ne5 Be6 15. Qf3 Qb6 16. Nb3 Ng6 17. Nc5 Nxe5 18. Rxe5 Qxb2 19. Qd1
Nc3 20. Qc2 Qxc2 21. Rxc2 Nd5 22. Nxe6 fxe6 23. Rxe6 Rbe8 24. Rce2 Kf7 25.
Rxe8 Rxe8 26. Rxe8 Kxe8 27. Bxd5 cxd5 28. Kf1 Ke7 29. Ke2 Ke6 30. Ke3 Kf5
31. h3 g5 32. g4+ Ke6 33. f4 gxf4+ 34. Kxf4 b5 35. h4 b4 36. Ke3 a5 37. Kd3
a4 38. Ke3 b3 39. axb3 a3 40. g5 a2 41. h5 a1=Q 42. g6 hxg6 43. hxg6 Qg1+
44. Kd3 Qxg6+ 45. Kc3 Qg3+ 46. Kb4 Qd3 { White resigns } 0-1

[Event "ICC tourney 2248 (120 10)"]
[Site "Internet Chess Club"]
[Date "2020.12.27"]
[Round "3"]
[White "Minsco"]
[Black "ab4gm"]
[Result "1-0"]
[ICCResult "Black resigns"]
[WhiteElo "1750"]
[BlackElo "1047"]
[Opening "Queen's gambit accepted"]
[ECO "D20"]
[NIC "QG.03"]
[Time "12:03:28"]
[PlyCount "83"]
[TimeControl "7200+10"]

1. d4 d5 2. c4 dxc4 3. Nc3 Nf6 4. e3 Bf5 5. Bxc4 e6 6. Nf3 Nc6 7. O-O Bb4
8. a3 Bxc3 9. bxc3 O-O 10. Re1 Re8 11. Ba2 Ne4 12. Bb2 Bg4 13. h3 Bh5 14.
Bc4 Ng5 15. Be2 Nxf3+ 16. Bxf3 Bxf3 17. Qxf3 e5 18. Rad1 exd4 19. cxd4 Qg5
20. Rc1 Rad8 21. Rc5 Qg6 22. Rec1 h6 23. Qd1 Rd6 24. Qb3 b6 25. R5c2 Re4
26. Qb5 Ne7 27. Rxc7 Rd5 28. Qe8+ Kh7 29. Rxe7 Rxe7 30. Qxe7 Rg5 31. Qb7
Qh5 32. Qe4+ f5 33. Qf4 Qxh3 34. g3 Rh5 35. Qf3 Rh4 36. Qg2 Qxg2+ 37. Kxg2
Re4 38. d5 Re7 39. d6 Rd7 40. Rc7 Rxd6 41. Rxg7+ Kh8 42. Rd7+ { Black
resigns } 1-0

[Event "ICC tourney 2248 (120 10)"]
[Site "Internet Chess Club"]
[Date "2020.12.27"]
[Round "3"]
[White "minitotoro"]
[Black "sushivishwa"]
[Result "1-0"]
[ICCResult "Black checkmated"]
[WhiteElo "1563"]
[BlackElo "1755"]
[Opening "Dutch: classical variation"]
[ECO "A96"]
[NIC "HD.01"]
[Time "12:03:16"]
[PlyCount "97"]
[TimeControl "7200+10"]

1. d4 f5 2. Nf3 Nf6 3. g3 e6 4. Bg2 Be7 5. O-O O-O 6. c4 d6 7. Nc3 a5 8.
Re1 Ne4 9. d5 Nxc3 10. bxc3 e5 11. e4 Na6 12. Be3 Qe8 13. Nd2 f4 14. gxf4
exf4 15. Bd4 Bf6 16. Qe2 Be5 17. f3 Rf6 18. Kh1 Qh5 19. Rg1 Bd7 20. Qf2
Raf8 21. Rab1 b6 22. Bf1 Rh6 23. Be2 Rff6 24. Rg2 Bh3 25. Rgg1 Nc5 26. Bf1
Bd7 27. Nb3 Nb7 28. Nc1 Nd8 29. Nd3 Nf7 30. Rb2 Ng5 31. Bxe5 dxe5 32. Nxe5
Nxe4 33. fxe4 Qxe5 34. Qd4 Qh5 35. e5 Qf3+ 36. Rgg2 Qxf1+ 37. Rg1 Qf3+ 38.
Rgg2 Rfg6 39. e6 Qf1+ 40. Rg1 Rxg1+ 41. Qxg1 Qxg1+ 42. Kxg1 Ba4 43. c5 b5
44. Re2 Kf8 45. d6 c6 46. e7+ Ke8 47. d7+ Kxd7 48. e8=Q+ Kc7 49. Re7# {
Black checkmated } 1-0

[Event "ICC tourney 2248 (120 10)"]
[Site "Internet Chess Club"]
[Date "2020.12.27"]
[Round "3"]
[White "Knightboy123"]
[Black "Yamato1945"]
[Result "1-0"]
[ICCResult "Black resigns"]
[WhiteElo "1661"]
[BlackElo "1452"]
[Opening "Queen's pawn, Mason variation, Steinitz counter-gambit"]
[ECO "D00"]
[NIC "QP.08"]
[Time "12:03:12"]
[PlyCount "135"]
[TimeControl "7200+10"]

1. d4 d5 2. Bf4 c5 3. e3 Nc6 4. Nf3 Bg4 5. c3 e6 6. Nbd2 Nf6 7. Bd3 Be7 8.
Qc2 cxd4 9. exd4 O-O 10. Ne5 Bh5 11. h3 Rc8 12. Nxc6 bxc6 13. Ba6 Bg6 14.
Qc1 Nh5 15. Bh2 Bd6 16. Bxd6 Qxd6 17. Bxc8 Rxc8 18. Nf3 Nf4 19. Qd2 Nxg2+
20. Kf1 Nf4 21. Ne5 Be4 22. f3 f6 23. Qxf4 fxe5 24. Qxe5 Bd3+ 25. Kf2 Qf8
26. Rhg1 Rb8 27. Rxg7+ Qxg7 28. Qxb8+ Qf8 29. Rg1+ Kf7 30. Qc7+ Kf6 31.
Qe5+ Kf7 32. Ke3 Bf5 33. Qf4 Qc8 34. Qh6 Qf8 35. Qxf8+ Kxf8 36. h4 Kf7 37.
a4 a6 38. b4 Bc2 39. Ra1 Kf6 40. Kf4 h6 41. b5 cxb5 42. axb5 axb5 43. Ra6
Bd3 44. Rb6 Bc4 45. Kg4 Be2 46. Kh5 Bxf3+ 47. Kxh6 Be2 48. Rb8 Kf7 49. Kg5
Bd3 50. h5 Kg7 51. h6+ Kh7 52. Rb7+ Kh8 53. Kf6 Bf5 54. Rxb5 Kh7 55. Kg5
Kg8 56. Rb8+ Kf7 57. Rb7+ Kg8 58. Kf6 Kh8 59. Re7 Bg4 60. Rxe6 Kh7 61. Ke5
Bxe6 62. Kxe6 Kxh6 63. Kxd5 Kg7 64. c4 Kf8 65. c5 Ke8 66. Kd6 Kd8 67. c6
Kc8 68. c7 { Black resigns } 1-0

[Event "ICC tourney 2248 (120 10)"]
[Site "Internet Chess Club"]
[Date "2020.12.27"]
[Round "3"]
[White "doudou2011"]
[Black "ybabji"]
[Result "0-1"]
[ICCResult "White checkmated"]
[WhiteElo "1412"]
[BlackElo "1854"]
[Opening "Queen's pawn game, Darooha variation "]
[ECO "D02"]
[NIC "QP.06"]
[Time "12:03:45"]
[PlyCount "80"]
[TimeControl "7200+10"]

1. d4 Nf6 2. Nf3 d5 3. g3 e6 4. Bg2 Bd6 5. O-O h6 6. c4 c6 7. Nbd2 b6 8. b3
Ba6 9. Bb2 Nbd7 10. Rc1 O-O 11. Re1 Ne4 12. Ne5 Bxe5 13. dxe5 Nxd2 14. Qxd2
Re8 15. f4 Qe7 16. Red1 Nc5 17. b4 Na4 18. c5 bxc5 19. bxc5 Nxb2 20. Qxb2
Rab8 21. Qd2 Bc4 22. Rxc4 dxc4 23. Qe3 Qb7 24. Qc3 Qb5 25. Qe3 Red8 26. Rd6
Qb2 27. Bxc6 c3 28. Qd4 Rxd6 29. exd6 c2 30. Qxb2 Rxb2 31. d7 c1=Q+ 32. Kg2
Rxe2+ 33. Kh3 Qf1+ 34. Kg4 h5+ 35. Kg5 Rd2 36. Bb7 Qe2 37. h3 Rxd7 38. c6
Rd5+ 39. Kh4 Qb2 40. c7 Qf6# { White checkmated } 0-1

[Event "ICC tourney 2248 (120 10)"]
[Site "Internet Chess Club"]
[Date "2020.12.27"]
[Round "3"]
[White "che8642"]
[Black "evg1234567"]
[Result "1/2-1/2"]
[ICCResult "Game drawn by mutual agreement"]
[WhiteElo "1532"]
[BlackElo "1716"]
[Opening "Queen's pawn game"]
[ECO "D00"]
[NIC "QP.07"]
[Time "12:03:11"]
[PlyCount "144"]
[TimeControl "7200+10"]

1. d4 Nf6 2. Nc3 d5 3. Bf4 Bf5 4. f3 e6 5. g4 Bg6 6. h4 h6 7. e3 Bd6 8. Nh3
c6 9. Bd3 Bxd3 10. Qxd3 Qc7 11. Bxd6 Qxd6 12. Nf4 Nbd7 13. O-O-O O-O-O 14.
g5 Ng8 15. g6 f5 16. h5 Ngf6 17. Qd2 Rhf8 18. Rde1 Nb6 19. b3 Nfd7 20. Nd3
Kb8 21. f4 c5 22. dxc5 Nxc5 23. Ne5 Qe7 24. Qd4 Ne4 25. Kb2 Rc8 26. Nxe4
dxe4 27. c4 Qb4 28. Rd1 Nxc4+ 29. Nxc4 Rxc4 30. Qxc4 Qb6 31. Qd4 Qc6 32.
Qd6+ Qxd6 33. Rxd6 Kc7 34. Rhd1 e5 35. fxe5 f4 36. exf4 Rxf4 37. e6 e3 38.
e7 Re4 39. Rd7+ Kc6 40. Rd8 Rxe7 41. Re1 Kc7 42. Rd3 e2 43. Rd2 Re5 44.
Rdxe2 Rxh5 45. Re7+ Kd6 46. Rxg7 Rg5 47. Rxb7 Rxg6 48. Rxa7 Rg2+ 49. Ka3 h5
50. Ra6+ Kc5 51. Rh6 Kd4 52. Rxh5 Rg7 53. Rh4+ Kc3 54. Ra4 Rg2 55. Rb1 Rg3
56. Rc4+ Kd2 57. Rb2+ Kd3 58. b4 Kxc4+ 59. Ka4 Rg7 60. Ka5 Kc3 61. Rb3+ Kc4
62. b5 Ra7+ 63. Kb6 Rxa2 64. Rb1 Rh2 65. Ka6 Ra2+ 66. Kb7 Rc2 67. b6 Kc5
68. Kb8 Kc6 69. b7 Rh2 70. Rc1+ Kb6 71. Rc7 Rh8+ 72. Rc8 Rh7 { Game drawn
by mutual agreement } 1/2-1/2

[Event "ICC tourney 2248 (120 10)"]
[Site "Internet Chess Club"]
[Date "2020.12.27"]
[Round "3"]
[White "Legolas08"]
[Black "JensenUVA"]
[Result "0-1"]
[ICCResult "White resigns"]
[WhiteElo "1807"]
[BlackElo "1516"]
[Opening "Grünfeld: exchange variation"]
[ECO "D85"]
[NIC "GI.03"]
[Time "12:03:21"]
[PlyCount "59"]
[TimeControl "7200+10"]

1. d4 Nf6 2. c4 g6 3. Nc3 d5 4. cxd5 Nxd5 5. Bd2 Bg7 6. e4 Nb6 7. Be3 O-O
8. Nf3 Bg4 9. Be2 Nc6 10. d5 Bxf3 11. gxf3 Ne5 12. Bxb6 axb6 13. f4 Nd7 14.
h4 Nc5 15. h5 Bxc3+ 16. bxc3 Nxe4 17. Qd4 Nf6 18. Bc4 c6 19. f5 cxd5 20.
Bd3 Qd6 21. fxg6 e5 22. gxh7+ Kh8 23. Qh4 e4 24. Qg5 Nxh7 25. Qg2 exd3 26.
h6 Qe5+ 27. Kf1 Qe2+ 28. Kg1 Rg8 29. Qg7+ Rxg7+ 30. hxg7+ { White resigns }
0-1